 Dungeon Crawl Stone Soup version 0.31-a0-1522-g43313d8a59 (webtiles) character file.

Game seed: 12798493220716987744

1040 wildpjah the Ducker (level 8, 0/58 HPs)
             Began as a Demonspawn Gladiator on Dec 30, 2023.
             Blown up by Pikel (18 damage)
             ... with a mindburst bolt
             ... on level 5 of the Dungeon.
             The game lasted 00:10:08 (3026 turns).

wildpjah the Ducker (Demonspawn Gladiator)          Turns: 3026, Time: 00:10:09

Health: 0/58       AC:  6    Str: 14    XL:     8   Next: 4%
Magic:  17/17      EV: 13    Int: 10    God:
Gold:   136        SH:  0    Dex: 16    Spells: 7/7 levels left

rFire   + . .        o - +3 dagger (drain)
rCold   . . .        (no shield)
rNeg    . . .        D - +2 leather armour {rF+}
rPois   .            c - +0 helmet
rElec   .            (no cloak)
rCorr   .            (no gloves)
SInv    .            (no boots)
Will    .....        (no amulet)
Stlth   +            x - ring of magical power
HPRegen 0.29/turn    (no ring)
MPRegen 0.15/turn

%: no passive effects
@: very slow
A: demonic guardian 1, powered by death 1, demonic touch 2
a: no special abilities


You were on level 5 of the Dungeon.
You visited 1 branch of the dungeon, and saw 5 of its levels.

You collected 162 gold pieces.
You spent 26 gold pieces at shops.

Inventory:

Hand Weapons
 a - a +0 long sword
 n - a +2 dagger of flaming
 o - a +3 dagger of draining (weapon)
 C - a +3 dagger
 E - a +2 short sword of venom
Missiles
 e - a javelin
 f - a throwing net
Armour
 b - a +0 leather armour
 c - a +0 helmet (worn)
 D - a +2 leather armour of fire resistance (worn)
Jewellery
 x - a ring of magical power (left hand)
Wands
 d - a wand of polymorph (4)
 y - a wand of paralysis (10)
 B - a wand of flame (12)
Scrolls
 h - 2 scrolls of fog {unknown}
 i - a scroll of brand weapon
 j - a scroll of blinking
 l - a scroll of teleportation
 q - a scroll of fear
 r - a scroll of enchant armour
 s - a scroll of torment {unknown}
 t - a scroll of enchant weapon {unknown}
 u - a scroll of amnesia {unknown}
 z - a scroll of vulnerability {unknown}
 A - 2 scrolls of poison {unknown}
Potions
 g - 2 potions of attraction
 k - 2 potions of brilliance {unknown}
 m - a potion of might
 p - a potion of ambrosia {unknown}
 v - 3 potions of curing {unknown}
 w - a potion of invisibility {unknown}


   Skills:
 + Level 3.4 Fighting
 + Level 4.2(4.9) Short Blades
 + Level 3.9(4.8) Long Blades
 + Level 2.1 Throwing
 + Level 3.3 Armour
 + Level 4.7 Dodging
 * Level 2.6 Stealth


You had 7 spell levels left.
You didn't know any spells.
Your spell library contained the following spells:

 Spells                   Type           Power      Damage    Failure   Level
 Blink                    Tloc           0%         N/A       56%         2
 Jinxbite                 Hex            0%         N/A       56%         2
 Lesser Beckoning         Tloc           0%         N/A       56%         2
 Momentum Strike          Conj/Tloc      0%         3d8       56%         2
 Sublimation of Blood     Necr           0%         N/A       56%         2
 Dazzling Flash           Conj/Hex       0%         N/A       80%         3
 Mephitic Cloud           Conj/Alch/Air  0%         N/A       80%         3
 Ozocubu's Armour         Ice            0%         N/A       80%         3
 Petrify                  Alch/Erth      0%         N/A       99%         4
 Curse of Agony           Necr           0%         N/A       100%        5
 Irradiate                Conj/Alch      0%         3d11      100%        5
 Metabolic Englaciation   Hex/Ice        0%         N/A       100%        5
 Silence                  Hex/Air        0%         N/A       100%        5
 Yara's Violent Unravell  Hex/Alch       0%         3d3       100%        5
 Sculpt Simulacrum        Ice/Alch       0%         N/A       100%        6
 Enfeeble                 Hex            0%         N/A       100%        7


Dungeon Overview and Level Annotations

Branches:
Dungeon (5/15)
 Temple: D:4-7

Altars:
Fedhas
Trog

Shops:
D:4 ?

Annotations:
D:5 Pikel


Innate Abilities, Weirdness & Mutations

A weak demonic guardian rushes to your aid.
You regenerate a little health from kills.
Your touch may inflict irresistible damage on your foes.


Message History

The lemure hits you!
You closely miss the lemure.
The lemure is moderately wounded.
The lemure barely misses you.
You miss the lemure.
The lemure is moderately wounded.
The lemure hits you but does no damage.
You closely miss Pikel.
You touch Pikel!
Pikel is moderately wounded.
You hit Pikel.
Pikel is poisoned.
You touch Pikel!
Pikel is heavily wounded.
The lemure hits you.
Pikel hits you with a +0 whip of flaming!
Pikel burns you.
Your unstable footing causes you to fumble your attack.
The lemure looks more healthy.
The lemure barely misses you.
Pikel zaps a wand.
Your mind is blasted!
You hear a shout!
You hit Pikel but do no damage.
Pikel looks as sick as possible!
Your touch misses Pikel.
Pikel is heavily wounded.
The lemure hits you.
Your +2 short sword of venom stops dripping with poison.
You sense an unholy aura.
o - a +3 dagger of draining (weapon)
Pikel barely misses you.
Your unstable footing causes you to fumble your attack.
The lemure completely misses you.
Pikel hits you with a +0 whip of flaming!
Pikel burns you.
You closely miss Pikel.
Pikel is severely wounded.
The lemure closely misses you.
Your unstable footing causes you to fumble your attack.
Pikel zaps a wand.
You struggle to resist.
You hit Pikel but do no damage.
Pikel is severely wounded.
The lemure hits you.
Pikel zaps a wand.
Your mind is blasted!
You die...
Pikel says, "Another soul for the market."

...# #........ .#..
#....... ... ♣♣ ###......#
?..# ~♣ ........##...[ ~P~
♣............ ~P~~ P~~
♣............
~≈≈≈≈≈≈~~~♣~~~♣♣.†.........
≈≈≈≈≈≈~≈≈~~~~~♣♣♣5.........
≈≈≈≈≈≈≈≈≈≈~~~~~~@♣...####.#
≈≈≈≈≈≈≈≈≈≈~~P~~~K♣.55##...#
≈≈≈≈≈≈≈≈≈≈~~~♣~~~♣........+
≈≈≈≈≈~≈≈P~~~~P~~~....K....#
≈≈≈≈≈≈P≈~~P♣P~♣♣..........#
PPP~~≈≈~~~P~~♣♣♣.....##....
~♣~~~~~~~♣~~♣♣♣..##### ....
♣~~P♣♣~♣♣P♣.♣...## ...
.♣.♣.♣♣♣♣##...### ..


You could see Pikel (very poisoned) and a lemure.

Vanquished Creatures
  Duvessa (D:5)
  A black bear (D:4)
  An ice beast (D:4)
  A phantom (D:5)
  A lemure (D:5)
  Blork the orc (D:4)
  2 scorpions
  Dowan (D:5)
  A jelly (D:5)
  A bombardier beetle (D:5)
  An orc priest (D:5)
  A hound (D:4)
  Ijyb (D:5)
  Jessica (D:2)
  An iguana (D:4)
  An orc wizard (D:5)
  Robin (D:1)
  7 adders
  3 gnolls
  7 dart slugs
  A ribbon worm (D:1)
  3 orcs (D:5)
  4 bats
  5 endoplasms
  4 giant cockroaches
  18 goblins
  11 hobgoblins
  A jackal (D:4)
  2 quokkas
  5 ball pythons
  8 kobolds
  2 rats
99 creatures vanquished.

Vanquished Creatures (collateral kills)
  A howler monkey (D:5)
1 creature vanquished.

Grand Total: 100 creatures vanquished

Notes
Turn   | Place    | Note
-------+----------+-------------------------------------------
     0 | D:1      | wildpjah the Demonspawn Gladiator began the quest for the
                  | Orb.
     0 | D:1      | Reached XP level 1. HP: 16/16 MP: 1/1
   158 | D:1      | Gained mutation: You regenerate a little health from kills.
                  | [demonic ancestry]
   158 | D:1      | Reached XP level 2. HP: 22/22 MP: 2/2
   737 | D:2      | Noticed Robin
   750 | D:1      | Reached XP level 3. HP: 11/27 MP: 3/3
   779 | D:1      | HP: 1/27 [goblin/+0 club[Robin] (2)]
   881 | D:2      | Reached skill level 1 in Armour
   952 | D:1      | Killed Robin
   953 | D:1      | Reached XP level 4. HP: 10/33 MP: 4/4
  1104 | D:2      | Noticed Jessica
  1115 | D:2      | Killed Jessica
  1116 | D:2      | Reached skill level 1 in Short Blades
  1523 | D:4      | Gained mutation: A weak demonic guardian rushes to your
                  | aid. [demonic ancestry]
  1523 | D:4      | Reached XP level 5. HP: 28/39 MP: 5/5
  1614 | D:4      | Noticed a black bear
  1631 | D:4      | Killed a black bear
  1666 | D:4      | Gained mutation: Your touch may inflict minor irresistible
                  | damage on your foes. [demonic ancestry]
  1666 | D:4      | Reached XP level 6. HP: 28/46 MP: 6/6
  1755 | D:4      | Found a blossoming altar of Fedhas.
  1800 | D:4      | Found Ichy's Magic Scroll Shop.
  1803 | D:4      | Bought a scroll of identify for 26 gold pieces
  1889 | D:4      | Noticed Blork the orc
  1914 | D:4      | Killed Blork the orc
  2304 | D:4      | Found a bloodstained altar of Trog.
  2506 | D:5      | Entered Level 5 of the Dungeon
  2512 | D:5      | Noticed an ice beast
  2601 | D:4      | Killed an ice beast
  2602 | D:4      | Reached skill level 1 in Stealth
  2602 | D:4      | Reached XP level 7. HP: 39/52 MP: 7/7
  2659 | D:5      | Noticed Ijyb
  2671 | D:5      | Killed Ijyb
  2723 | D:5      | Noticed Duvessa
  2725 | D:5      | Noticed Dowan
  2731 | D:5      | Killed Duvessa
  2754 | D:5      | Killed Dowan
  2916 | D:5      | Gained mutation: Your touch may inflict irresistible damage
                  | on your foes. [demonic ancestry]
  2916 | D:5      | Reached XP level 8. HP: 48/58 MP: 8/8
  3006 | D:5      | Noticed Pikel
  3026 | D:5      | Blown up by Pikel

Illustrated notes

Levels and vault maps discovered:
D:1:      beargit_arrival_greenhouse, layout_basic
D:2:      layout_rooms, kennysheep_minor_cross, uniq_jessica, uniq_robin
D:3:      layout_rooms, nemelex_xobeh_ov_fountains_minmay,
          amcnicky_altar_gilded, serial_bayou_lagoon_a, minmay_ogre_servants
D:4:      kennysheep_big_flooded_room, layout_basic, fedhas_altar_fruit_tree,
          mainiacjoe_overflow_divided_tiny, serial_shops,
          nicolae_shop_tiny_real_fake_doors, minivault_4, uniq_blork_the_orc
D:5:      layout_gridville, serial_shops, nicolae_shop_pleasant_corner_grove,
          serial_bayou, serial_bayou_ford_a, serial_bayou_pond_b,
          serial_bayou_lake_a, serial_bayou_lagoon_b, serial_bayou_pond_c,
          serial_bayou_crossing, serial_bayou_pond_c, dreamdust_princess_bridge,
          minmay_misc_feat_room, serial_park_tiny_1, lexackson_kobold_supper,
          uniq_ijyb, uniq_duvessa, uniq_pikel

Skill      XL: |  1  2  3  4  5  6  7 |
---------------+----------------------+-----
Long Blades    | 3 |  3.9
Dodging        | 3 4 |  4.7
Armour         | 1 2 3 |  3.3
Short Blades   | 1 2 3 4 |  4.2
Throwing       | 2 |  2.1
Fighting       | 3 |  3.4
Stealth        | 1 2 |  2.6

Action                     |  1- 3 |  4- 6 |  7- 9 || total
---------------------------+-------+-------+-------++-------
  Melee: Long sword        |   103 |       |       ||   103
         Punch             |     2 |     3 |     1 ||     6
         Dagger            |       |   188 |    51 ||   239
         Touch             |       |    11 |    18 ||    29
         Short sword       |       |       |    16 ||    16
  Throw: Throwing net      |     1 |     4 |       ||     5
    Use: Potion            |     2 |       |       ||     2
         Scroll            |       |     5 |       ||     5
   Stab: Held in net/web   |       |     1 |       ||     1
 Armour: Leather armour    |    21 |    12 |    36 ||    69
         Scale mail        |    82 |   139 |       ||   221
  Dodge: Dodged            |    80 |   121 |    36 ||   237

Table legend: (Time is in decaauts)
 A = Elapsed time spent in this place.
 B = Non-inter-level travel time spent in this place.
 C = Inter-level travel time spent in this place.
 D = Time resting spent in this place.
 E = Time spent auto-exploring this place.
 F = Levels seen in this place.
 G = Mean time per level.
                   A        B        C        D        E       F      G
               +--------+--------+--------+--------+--------+-----+--------+
         Total |   3028 |   2862 |    166 |    249 |   1847 |   5 |  605.6 |
       Dungeon |   3028 |   2862 |    166 |    249 |   1847 |   5 |  605.6 |
               +--------+--------+--------+--------+--------+-----+--------+

Top non-repeatable levels by time:
     D:4: 1116 daAuts
     D:1: 1025 daAuts
     D:2: 454 daAuts
     D:5: 386 daAuts
     D:3: 46 daAuts
